 Dungeon Crawl Stone Soup version 0.26.1-11-gd32895ea62 (webtiles) character file.

Game seed: 8205838804114795771

71 unlimited1921 the Conjurer (level 4, -1/35 HPs)
             Began as a Draconian Conjurer on July 21, 2021.
             Slain by a gnoll
             ... wielding a +0 halberd
              (2 damage)
             ... on level 1 of the Dungeon.
             The game lasted 00:15:28 (2737 turns).

unlimited1921 the Conjurer (Draconian Conjurer)     Turns: 2737, Time: 00:15:32

Health: -1/35      AC:  5    Str: 10    XL:     4   Next: 5%
Magic:  5/8        EV: 12    Int: 18    God:
Gold:   52         SH:  0    Dex: 10    Spells: 8/9 levels left

rFire    . . .     SeeInvis .   f - +0 mace
rCold    . . .     Faith    .   (no shield)
rNeg     . . .     Spirit   .   (armour unavailable)
rPois    .         Reflect  .   (helmet restricted)
rElec    .         Harm     .   (no cloak)
rCorr    .         Rampage  .   (no gloves)
Will     .....                  (no boots)
Stlth    ++........             (no amulet)
HPRegen  0.11/turn              (no ring)
MPRegen  0.11/turn              (no ring)

@: no status effects
A: unfitting armour, cold-blooded, AC +5
a: no special abilities


You were on level 1 of the Dungeon.
You visited 1 branch of the dungeon, and saw 2 of its levels.

You collected 52 gold pieces.

Inventory:

Hand Weapons
 b - a +0 hand axe
 f - a +0 mace (weapon)
Missiles
 h - 46 stones
 j - 25 sling bullets
Scrolls
 c - a scroll of amnesia {unknown}
 e - a scroll of remove curse {unknown}
 g - a scroll of enchant weapon {unknown}
 k - 2 scrolls of identify {unknown}
Potions
 a - a potion of invisibility {unknown}
 d - a potion of haste {unknown}
 i - a potion of lignification {unknown}


   Skills:
 * Level 1.5 Fighting
 + Level 0.1 Maces & Flails
 * Level 2.4 Dodging
 + Level 2.0 Stealth
 * Level 3.1 Spellcasting
 - Level 4.1 Conjurations


You had 8 spell levels left.
You knew the following spells:

 Your Spells              Type           Power        Failure   Level
a - Magic Dart            Conj           68%          3%          1

Your spell library contained the following spells:

 Spells                   Type           Power        Failure   Level
 Searing Ray              Conj           34%          4%          2
 Dazzling Flash           Conj/Hex       20%          22%         3
 Fulminant Prism          Conj/Hex       5%           56%         4
 Iskenderun's Mystic Bla  Conj/Tloc      10%          56%         4


Dungeon Overview and Level Annotations

Branches:
Dungeon (2/15)

Altars:


Innate Abilities, Weirdness & Mutations

Your plain brown scales are hard. (AC +5)
You cannot fit into any form of body armour.
You are cold-blooded and may be slowed by cold attacks.


Message History

Aim: a gnoll, wielding a +0 halberd (0% to evade)
The magic dart hits the gnoll.
The gnoll is moderately wounded.
Casting: Magic Dart (safe; 3% risk of failure)
Confirm with . or Enter, or press ? or * to list all spells.
Aiming: Magic Dart (safe; 3% risk of failure)
Press: ? - help, Shift-Dir - straight line, f/p - gnoll
Aim: a gnoll, wielding a +0 halberd (moderately wounded, 0% to evade)
The magic dart hits the gnoll.
The gnoll is severely wounded.
The gnoll closely misses you.
Casting: Magic Dart (safe; 3% risk of failure)
Confirm with . or Enter, or press ? or * to list all spells.
Aiming: Magic Dart (safe; 3% risk of failure)
Press: ? - help, Shift-Dir - straight line, f/p - gnoll
Aim: a gnoll, wielding a +0 halberd (severely wounded, 0% to evade)
The magic dart hits the gnoll.
The gnoll is severely wounded.
The gnoll hits you from afar with a +0 halberd.
You die...

#####..................
#..#.###..#####.#.. #....#
#...# #.#.#
#...####.#.####...# #...#
#..#......... #..##
#.####..#.... #########.g#
#.####....... #.........รท#
#.##...###... #.........@#
##....#.###.##
#..........###..#....#...##
#......>..................#
#.........#####............
#.........# #............
########..## #............
#....# #...........#
#.##.####........>.##
##.##..........#######


You could see a gnoll.

Vanquished Creatures
  2 gnolls (D:2)
  2 adders (D:2)
  2 leopard geckos
  2 giant cockroaches (D:1)
  3 goblins
  5 hobgoblins
  7 kobolds
  2 bats (D:2)
  2 frilled lizards
  6 rats (D:1)
33 creatures vanquished.

Notes
Turn   | Place    | Note
-------+----------+-------------------------------------------
     0 | D:1      | unlimited1921 the Draconian Conjurer began the quest for
                  | the Orb.
     0 | D:1      | Reached XP level 1. HP: 14/14 MP: 3/3
   710 | D:1      | Reached XP level 2. HP: 22/22 MP: 3/5
  1408 | D:1      | Reached skill level 1 in Fighting
  1859 | D:2      | Reached XP level 3. HP: 20/28 MP: 7/7
  2647 | D:2      | Reached XP level 4. HP: 20/35 MP: 1/8
  2676 | D:1      | HP: 1/35 [gnoll/+0 halberd (2)]
  2734 | D:1      | HP: 1/35 [gnoll/+0 halberd (6)]
  2737 | D:1      | Slain by a gnoll

Illustrated notes

Levels and vault maps discovered:
D:1:      dpeg_arrival_erosion, layout_rooms, minmay_misc_feat_encased
D:2:      layout_basic, gammafunk_temple_overflow_pools

Skill      XL: |  1  2  3 |
---------------+----------+-----
Dodging        | 2 |  2.4
Fighting       | 1 |  1.5
Spellcasting   | 3 |  3.1
Stealth        | 2 |  2.0
Maces & Flails | |  0.1
Conjurations   | |  4.1

Action                   |  1- 3 |  4- 6 || total
-------------------------+-------+-------++-------
Melee: Mace              |    19 |       ||    19
       Tailslap          |     2 |       ||     2
 Cast: Magic Dart        |    53 |     6 ||    59
 Stab: Sleeping          |     2 |       ||     2
Armor: Skin              |     4 |       ||     4
Dodge: Dodged            |    17 |     4 ||    21
